 Dungeon Crawl Stone Soup version 0.23.2-1-ga50397a6bc (webtiles) character file.

Game seed: 5338939603020908883

2025 Mrkan the Caregiver (level 9, -3/78 HPs)
             Began as a Deep Dwarf Fighter on May 20, 2019.
             Was a Believer of Elyvilon.
             Slain by an orc warrior
             ... wielding a +0 glaive
              (13 damage)
             ... on level 7 of the Dungeon.
             The game lasted 00:11:28 (4934 turns).

Mrkan the Caregiver (Deep Dwarf Fighter)            Turns: 4934, Time: 00:11:28

Health: -3/78      AC:  8    Str: 20    XL:     9   Next: 3%
Magic:  13/13      EV:  8    Int: 12    God:    Elyvilon [**....]
Gold:   469        SH: 10    Dex: 12    Spells: 8/8 levels left

rFire    . . .     SeeInvis .   B - +2 flail (crush)
rCold    . . .     Gourm    .   c - +0 shield
rNeg     . . .     Faith    .   b - +0 scale mail
rPois    .         Spirit   .   (no helmet)
rElec    .         Reflect  .   (no cloak)
rCorr    .         Harm     .   (no gloves)
MR       +....                  (no boots)
Stlth    ..........             (no amulet)
HPRegen  0.00/turn              l - +2 ring of protection
MPRegen  0.13/turn              q - +4 ring of slaying

@: non-regenerating
A: damage resistance, heal wounds, sense surroundings 2, no regeneration
a: Heal Wounds, Lesser Healing, Heal Other, Divine Protection, Renounce Religion


You were on level 7 of the Dungeon.
You worshipped Elyvilon.
Elyvilon was pleased with you.
You were very hungry.

You visited 1 branch of the dungeon, and saw 7 of its levels.

You collected 469 gold pieces.

Inventory:

Hand Weapons
 a - a +0 flail
 B - a +2 flail of crushing (weapon)
Armour
 b - a +0 scale mail (worn)
 c - a +0 shield (worn)
Jewellery
 l - a +2 ring of protection (left hand)
 o - an uncursed ring of flight
 q - a +4 ring of slaying (right hand)
 w - an uncursed ring of positive energy
 D - a cursed -4 ring of evasion {unknown}
Wands
 m - a wand of paralysis (4)
 E - a wand of flame (14)
Scrolls
 e - a scroll of remove curse
 g - a scroll of teleportation {unknown}
 h - a scroll of immolation {unknown}
 j - 2 scrolls of enchant weapon {unknown}
 n - 5 scrolls of magic mapping
 s - 5 scrolls of enchant armour
 v - a scroll of random uselessness {unknown}
 x - a scroll of noise {unknown}
 y - a scroll of blinking {unknown}
 A - a scroll of identify
 F - a scroll of fog {unknown}
Potions
 d - a potion of might
 i - a potion of lignification {unknown}
 k - 5 potions of brilliance
 p - a potion of cancellation {unknown}
 r - a potion of flight {unknown}
 t - a potion of agility {unknown}
 u - a potion of curing {unknown}
 z - 3 potions of haste
 C - a potion of heal wounds {unknown}
Comestibles
 f - 16 rations


   Skills:
 - Level 3.8 Fighting
 * Level 7.9 Maces & Flails
 - Level 3.2 Armour
 + Level 6.8 Shields
 * Level 8.4 Invocations


You had 8 spell levels left.
You didn't know any spells.
Your spell library was empty.

Dungeon Overview and Level Annotations

Branches:
Dungeon (7/15)             Temple (0/1) D:4

Altars:
Cheibriados
Dithmenos
Elyvilon
Gozag
Hepliaklqana
Uskayaw
Wu Jian


Innate Abilities, Weirdness & Mutations

You are resistant to damage.
You can heal yourself by infusing magical energy.
You passively map the area around you.
You do not regenerate.


Message History

Beogh smites you!
* * * LOW HITPOINT WARNING * * *
You feel much better. You block the orc warrior's attack.
You hear some strange, mumbled words.
A puff of frost appears from out of thin air!
The puff of frost hits you! You block the orc warrior's attack.
You closely miss something.
You hear some strange, mumbled words.
A magic dart appears from out of thin air!
The magic dart hits you! Something hits you but does no damage.
You hit something. Something hits you.
You are electrocuted!
* * * LOW HITPOINT WARNING * * *
The orc warrior hits you with a +0 glaive.
* * * LOW HITPOINT WARNING * * *
Something hits you.
* * * LOW HITPOINT WARNING * * *
You hit the orc warrior.
The orc warrior is severely wounded.
The orc warrior hits you with a +0 glaive!
You die...

#....#..........#,* , ,
* #....#..........#,
#....#..........#
#....#..........#
#...............#
#...............# * *
####....#########
#..o......# *
**##@######.# * * , ,,,
#{# #.# ,* * #o# #.# ,
,,, , , , #o#
#.######### * * , # ,#o#
#.......... ,
#.##.##.######..########
#.......#.......#,,, * *
####.####.#.....# ** ,
,..o........#.#.#, ,


You could see an orc warrior, an orc priest and 2 orcs.

Vanquished Creatures
  Edmund (D:5)
  Duvessa (D:6)
  An ice beast (D:6)
  A phantom (D:4)
  2 ogres
  A centaur (D:5)
  A bullfrog (D:4)
  5 big kobolds (D:4)
  Dowan (D:6)
  A scorpion (D:6)
  A crimson imp (D:6)
  A hound (D:6)
  An orc priest (D:3)
  An orc wizard (D:3)
  3 centaur skeletons
  6 worker ants (D:5)
  A mummy (D:5)
  Robin (D:3)
  5 gnolls
  4 adders
  2 oozes (D:1)
  An adder zombie (D:6)
  A worm (D:4)
  3 leopard geckos
  2 orcs
  3 ball pythons
  8 bats
  2 giant cockroaches
  20 goblins
  15 hobgoblins
  11 jackals
  49 kobolds
  3 quokkas
  4 frilled lizards
  2 leopard gecko skeletons
  A rat (D:1)
166 creatures vanquished.

Notes
Turn   | Place    | Note
-------+----------+-------------------------------------------
     0 | D:1      | Mrkan the Deep Dwarf Fighter began the quest for the Orb.
     0 | D:1      | Reached XP level 1. HP: 20/20 MP: 1/1
   194 | D:1      | Reached XP level 2. HP: 27/27 MP: 2/2
   715 | D:1      | Reached XP level 3. HP: 34/34 MP: 3/3
  1120 | D:2      | Found a hazy altar of Hepliaklqana.
  1203 | D:2      | Found a white marble altar of Elyvilon.
  1436 | D:2      | Found an ornate altar of the Wu Jian Council.
  1589 | D:2      | Became a worshipper of Elyvilon the Healer
  1611 | D:3      | Found a shadowy altar of Dithmenos.
  1674 | D:3      | Reached XP level 4. HP: 35/42 MP: 4/4
  1717 | D:3      | Noticed Robin
  1752 | D:3      | Killed Robin
  1765 | D:3      | Reached XP level 5. HP: 27/49 MP: 5/5
  2109 | D:4      | Noticed a phantom
  2172 | D:4      | Killed a phantom
  2172 | D:4      | Reached skill level 1 in Invocations
  2203 | D:4      | Found a staircase to the Ecumenical Temple.
  2357 | D:4      | Reached * piety under Elyvilon
  2466 | D:4      | Reached XP level 6. HP: 22/57 MP: 7/7
  2511 | D:4      | Reached skill level 2 in Invocations
  2985 | D:4      | Reached skill level 5 in Maces & Flails
  2985 | D:4      | Reached skill level 3 in Invocations
  3052 | D:4      | Reached skill level 5 in Shields
  3052 | D:4      | Reached XP level 7. HP: 29/63 MP: 9/9
  3078 | D:4      | Reached skill level 4 in Invocations
  3637 | D:5      | Entered Level 5 of the Dungeon
  3711 | D:5      | Reached ** piety under Elyvilon
  3714 | D:5      | Noticed Edmund
  3734 | D:5      | Killed Edmund
  3734 | D:5      | Reached skill level 5 in Invocations
  3865 | D:5      | Reached XP level 8. HP: 22/72 MP: 10/10
  3875 | D:5      | Found a snail-covered altar of Cheibriados.
  3959 | D:5      | Reached skill level 6 in Invocations
  4089 | D:5      | Found an opulent altar of Gozag.
  4322 | D:6      | Noticed Duvessa
  4322 | D:6      | Noticed Dowan
  4335 | D:6      | Killed Duvessa
  4339 | D:6      | Killed Dowan
  4374 | D:6      | Reached skill level 7 in Invocations
  4658 | D:6      | Found a hide-covered altar of Uskayaw.
  4888 | D:7      | Reached skill level 8 in Invocations
  4888 | D:7      | Gained mutation: You passively map the area around you.
                  | [Deep Dwarf growth]
  4888 | D:7      | Reached XP level 9. HP: 78/78 MP: 11/13
  4934 | D:7      | Slain by an orc warrior

Skill      XL: |  1  2  3  4  5  6  7  8 |
---------------+-------------------------+-----
Fighting       | 3 |  3.8
Maces & Flails | 3 4 5 6 7 |  7.9
Shields        | 4 5 6 |  6.8
Invocations    | 1 3 5 8 |  8.4
Armour         | |  3.2

Action                   |  1- 3 |  4- 6 |  7- 9 || total
-------------------------+-------+-------+-------++-------
Melee: Flail             |   108 |   271 |   241 ||   620
Invok: Lesser Healing    |       |       |     1 ||     1
 Abil: Heal Wounds       |       |     3 |    11 ||    14
  Use: Scroll            |       |       |     9 ||     9
  Eat: Chunk             |     2 |     4 |     7 ||    13
Armor: Scale mail        |    46 |   146 |    84 ||   276
Dodge: Dodged            |    21 |   107 |    82 ||   210
Block: Shield            |    58 |   208 |   154 ||   420
